 Dungeon Crawl Stone Soup version 0.22-a0-322-g60b3cfd (webtiles) character file.

45 Kairos the Skirmisher (level 3, -4/29 HPs)
             Began as a Human Fighter on Apr 5, 2018.
             Slain by a goblin (5 damage)
             ... led by Robin
             ... on level 2 of the Dungeon.
             The game lasted 00:01:03 (611 turns).

Kairos the Skirmisher (Human Fighter)                Turns: 611, Time: 00:01:03

Health: -4/29      AC:  5    Str: 16    XL:     3   Next: 90%
Magic:  3/3        EV:  8    Int:  8    God:
Gold:   72         SH:  9    Dex: 13    Spells: 2/2 levels left

rFire    . . .     SeeInvis .   a - +0 war axe
rCold    . . .     Gourm    .   c - +0 shield
rNeg     . . .     Faith    .   e - +0 ring mail (curse)
rPois    +         Spirit   .   (no helmet)
rElec    .         Reflect  .   (no cloak)
rCorr    .         Harm     .   (no gloves)
MR       .....                  (no boots)
Stlth    ++........             (no amulet)
HPRegen  0.09/turn              g - ring of poison resistance
MPRegen  0.08/turn              k - ring of stealth

@: no status effects
A: no striking features
a: no special abilities


You were on level 2 of the Dungeon.
You were not hungry.

You visited 1 branch of the dungeon, and saw 2 of its levels.

You collected 72 gold pieces.

Inventory:

Hand Weapons
 a - a +0 war axe (weapon)
Missiles
 o - 2 javelins (quivered)
Armour
 b - a +0 scale mail
 c - a +0 shield (worn)
 e - a cursed +0 ring mail (worn)
Jewellery
 g - a ring of poison resistance (left hand)
 k - a ring of stealth (right hand)
Scrolls
 h - a scroll of remove curse {unknown}
 i - a scroll of teleportation {unknown}
 p - a scroll of identify {unknown}
Potions
 d - 2 potions of might
 j - a potion of haste {unknown}
 l - a potion of brilliance {unknown}
 m - a potion of mutation {unknown}
 n - a potion of degeneration {unknown}
Comestibles
 f - 2 rations


   Skills:
 + Level 3.4 Fighting
 + Level 2.7 Axes
 + Level 3.2 Armour
 + Level 0.4 Dodging
 + Level 0.2 Stealth
 + Level 3.2 Shields


You had 2 spell levels left.
You didn't know any spells.

Dungeon Overview and Level Annotations

Branches:
Dungeon (2/15)

Altars:


Message History

You closely miss the goblin. The goblin hits you but does no damage.
Robin hits you with a whip of electrocution.
* * * LOW HITPOINT WARNING * * *
Unknown command.
You slash Robin!
You kill Robin!
You completely miss the goblin. You block the goblin's attack. x2
The hobgoblin hits you with a club.
* * * LOW HITPOINT WARNING * * *
Your shield and ring mail prevent you from hitting the hobgoblin.
You closely miss the goblin. You block the goblin's attack.
The hobgoblin hits you with a club.
* * * LOW HITPOINT WARNING * * *
Unknown command.
You hit the hobgoblin.
The hobgoblin is heavily wounded.
You hit the goblin.
The hobgoblin no longer looks unusually strong.
The goblin hits you.
You die...

# #.# #. #.# .# #.#
....# .#.## ## .g. .#
#.# #g# .# #... #@# .#
#..# #g# .# #..# #.# .#
#..# #.# .# #..#.#.#
.##########..#.#(#
...............#.#######
###########).###........
#.............


You could see a hobgoblin and 2 goblins.

Vanquished Creatures
  Robin (D:2)
  A dart slug (D:1)
  A leopard gecko (D:1)
  2 bats (D:1)
  10 goblins
  3 hobgoblins (D:1)
  4 jackals (D:1)
  A frilled lizard (D:1)
  4 rats (D:1)
27 creatures vanquished.

Notes
Turn   | Place    | Note
-------+----------+-------------------------------------------
     0 | D:1      | Kairos the Human Fighter began the quest for the Orb.
     0 | D:1      | Reached XP level 1. HP: 18/18 MP: 1/1
    63 | D:1      | Reached XP level 2. HP: 24/24 MP: 2/2
   299 | D:1      | Reached XP level 3. HP: 29/29 MP: 3/3
   589 | D:2      | Noticed Robin
   609 | D:2      | Killed Robin
   610 | D:2      | HP: 1/29 [hobgoblin/club[Robin] (5)]
   611 | D:2      | Slain by a goblin

Vault maps used:
D:1:      onia_arrival_mini_maze
D:2:      first_ration, uniq_robin

Action                   || total
-------------------------++-------
Melee: War axe           ||    62
 Stab: Sleeping          ||     3
Armor: Ring mail         ||    28
       Scale mail        ||     3
Dodge: Dodged            ||    14
Block: Shield            ||    39

Table legend:
 A = Spawn XP
 B = Non-spawn XP
 C = Spawn XP percentage of total XP
 D = Spawn monster count
 E = Non-spawn monster count
 F = Spawn count percentage of total count
 G = Total turns spent on level
                    A         B        C        D         E        F      G
               +---------+---------+-------+---------+---------+-------+---------
         Total |       0 |      65 |   0.0 |       0 |      27 |   0.0 |   611
               +---------+---------+-------+---------+---------+-------+---------
           D:1 |       0 |      32 |   0.0 |       0 |      17 |   0.0 |   556
           D:2 |       0 |      33 |   0.0 |       0 |      10 |   0.0 |    55
               +---------+---------+-------+---------+---------+-------+---------
